 Dungeon Sprint DCSS version 0.31-a0-365-gcf821cafb2 (webtiles) character file.

Game seed: 2345671150203656035

8 rocky1 the Ruffian (level 2, -5/36 HPs)
             Began as a Demonspawn Shapeshifter on July 28, 2023.
             Was an Initiate of Cheibriados.
             Slain by a spriggan
             ... wielding a +2 dagger of venom
              (10 damage)
             ... in the Dungeon (Sprint V: "Ziggurat Sprint").
             The game lasted 00:01:06 (113 turns).

rocky1 the Ruffian (Demonspawn Shapeshifter)         Turns: 113, Time: 00:01:08

Health: -5/36      AC: 15    Str: 22    XL:     2   Next: 0%
Magic:  2/2        EV:  7    Int: 10    God:    Cheibriados [......]
Gold:   0          SH:  0    Dex: 20    Spells: 1/1 levels left

rFire   . .          .
                       - Unarmed
rCold   . . .        (no shield)
rNeg    . . .        E - +5 plate armour
rPois   .            (helmet currently unavailable)
rElec   .            (cloak currently unavailable)
rCorr   .            (gloves currently unavailable)
SInv    .            (boots currently unavailable)
Will    .....        (no amulet)
Stlth   x              - +6 ring of strength
HPRegen 0.26/turn    u - +6 ring of dexterity
MPRegen 0.08/turn

%: no teleportation
@: berserking, lethally poisoned (-5 -> -31), beast-form, very slow
A: beast (slay +2), ignite blood 1
a: Begin Untransformation, Renounce Religion


You were in the Dungeon.
You worshipped Cheibriados.
Cheibriados was noncommittal.
You were a hulking beast.
You visited 1 branch

Inventory:

Armour
 a - a +0 animal skin
 E - a +5 plate armour (worn)
Jewellery
 s - a ring of flight
 t - a +6 ring of dexterity
 u - a +6 ring of dexterity (right hand)
 v - a +6 ring of intelligence
 w - a +6 ring of intelligence
 x - a +6 ring of strength (left hand)
 y - a +6 ring of strength
Talismans
 c - a beast talisman
 m - a blade talisman
 C - a maw talisman
 D - a serpent talisman
Wands
 z - a wand of mindburst (7)
 A - a wand of iceblast (7)
 B - a wand of quicksilver (7)
Scrolls
 i - 4 scrolls of blinking
 o - 4 scrolls of amnesia
 p - 7 scrolls of fog
 q - 5 scrolls of identify
 r - 2 scrolls of fear
Potions
 b - a potion of lignification
 d - 10 potions of curing
 e - 10 potions of heal wounds
 f - 6 potions of haste
 g - 7 potions of magic
 h - 2 potions of berserk rage
 j - 2 potions of brilliance
 k - 2 potions of invisibility
 l - 4 potions of resistance
 n - 5 potions of might


   Skills:
 + Level 3.3 Fighting
 + Level 3.4 Dodging
 + Level 3.0 Stealth
 * Level 4.0 Unarmed Combat
 * Level 3.6 Shapeshifting


You had one spell level left.
You didn't know any spells.
Your spell library was empty.

Dungeon Overview and Level Annotations

Branches:
Dungeon (1/1)

Altars:
Ashenzari
Cheibriados
Dithmenos
Fedhas
Gozag
Hepliaklqana
Kikubaaqudgha
Makhleb
Nemelex Xobeh
Okawaru
Qazlal
Ru
Sif Muna
Trog
Uskayaw
Vehumet
Wu Jian
Xom
Yredelemnul
Jiyva
Lugonu

Annotations:
D 1 transporter


Innate Abilities, Weirdness & Mutations

You are a hulking beast.
Your limbs bulge with bestial killing power. (Slay +2)
Your demonic aura sometimes causes spilled blood to erupt in flames.


Message History

You enter the transporter and appear at another place. 2 spriggans come into view.
A spriggan is wielding a +2 dagger of venom.
The spriggan shouts! x2
Found a staff of conjuration and a +1 leather armour of fire resistance.
Found a transporter.
Okay, then.
A red film seems to cover your vision as you go berserk!
Cheibriados forces you to slow down.
You feel mighty! The spriggan barely misses you.
The spriggan hits you with a +2 dagger of venom.
You are poisoned.
You barely miss the spriggan.
You feel sick. The spriggan closely misses you. x2
You miss the spriggan.
You feel sick. The spriggan barely misses you.
The spriggan hits you with a +0 short sword.
You punch the spriggan!
The spriggan is moderately wounded.
You feel sick.
The spriggan hits you but does no damage. x2
You are more poisoned.
You miss the spriggan.
The spriggan is moderately wounded.
You feel sick.
The spriggan hits you but does no damage.
You are more poisoned.
The spriggan hits you with a +0 short sword.
You completely miss the spriggan.
The spriggan is moderately wounded.
You feel very sick.
The spriggan hits you with a +2 dagger of venom!
You are more poisoned.
The spriggan hits you with a +0 short sword.
* * * LOW HITPOINT WARNING * * *
You pummel the spriggan!!
You kill the spriggan!
Cheibriados appreciates the change of pace.
* * * LOW HITPOINT WARNING * * *
You feel very sick.
The spriggan hits you with a +2 dagger of venom!
You die...

▓▓▓▓▓▓▓
▓.8©8.▓
▓.....▓
▓.[.|.▓
▓...○.▓
▓.i○..▓
▓..h..▓
▓▓▓▓▓▓▓


You could see a spriggan.

Vanquished Creatures
  A spriggan (D)
1 creature vanquished.

Notes
Turn   | Place    | Note
-------+----------+-------------------------------------------
     0 | D        | rocky1 the Demonspawn Shapeshifter began the quest for the
                  | Orb.
     0 | D        | Reached XP level 1. HP: 15/15 MP: 1/1
     0 | D        | Found a shimmering blue altar of Sif Muna.
     0 | D        | Found a bloodstained altar of Trog.
     0 | D        | Found a sacrificial altar of Ru.
     0 | D        | Found a stormy altar of Qazlal.
     0 | D        | Found an iron altar of Okawaru.
     1 | D        | Found a sparkling altar of Nemelex Xobeh.
     1 | D        | Found a blossoming altar of Fedhas.
     1 | D        | Found the +6 Majin-Bo {spellvamp, MP+6 Int+6}
     1 | D        | Found the +27 heavy crossbow "Sniper" {heavy, Acc+∞ SInv}
     1 | D        | Found the +10 dark maul {heavy}
     1 | D        | Found the +15 Maxwell's patent armour {-Cast -Tele rElec
                  | Will+ rCorr}
     1 | D        | Found the +18 shield of the Gong {Loud rN+ Will+ rCorr
                  | EV-5}
     1 | D        | Found the +16 obsidian axe {drain, demonic, Mesm Drain Fly
                  | SInv}
     1 | D        | Found the +7 great mace "Firestarter" {flame, immolate,
                  | rFlCloud rF++}
     1 | D        | Found the +6 shillelagh "Devastator" {shatter}
     1 | D        | Found the +11 plutonium sword {Contam Stlth-}
     1 | D        | Found the +8 lance "Wyrmbane" {slay drac, rPois rF+ rC+
                  | AC+3}
     1 | D        | Found the +9 sword of Zonguldrok {reap}
     1 | D        | Found the +13 scythe of Curses {drain, curses, Drain}
     1 | D        | Found the +9 sword of Power {lifebolt}
     1 | D        | Found the +7 mace of Variability {chaos, chaos arc}
     1 | D        | Found the +11 Singing Sword {sonic wave}
     1 | D        | Found the +8 storm bow {elec, penet}
     3 | D        | Found a transporter.
     3 | D        | Found an ancient bone altar of Kikubaaqudgha.
     3 | D        | Found a viscous altar of Jiyva.
     3 | D        | Found a corrupted altar of Lugonu.
     3 | D        | Found a hazy altar of Hepliaklqana.
     3 | D        | Found a burning altar of Makhleb.
     3 | D        | Found an opulent altar of Gozag.
    20 | D        | Reached skill level 4 in Unarmed Combat
    20 | D        | Gained mutation: Your demonic aura sometimes causes spilled
                  | blood to erupt in flames. [demonic ancestry]
    20 | D        | Reached XP level 2. HP: 24/24 MP: 2/2
    91 | D        | Became a worshipper of Cheibriados the Contemplative
   106 | D        | Entered arena 2.
   106 | D        | Noticed a spriggan
   106 | D        | Noticed a spriggan
   106 | D        | Found a transporter.
   113 | D        | Killed a spriggan
   113 | D        | Slain by a spriggan

Illustrated notes

Levels and vault maps discovered:
D:        sprint_v [room_start, room_1, room_2, room_3, room_4, room_5, room_6,
          room_7, room_8, room_9, room_10, room_11, room_12, room_13, room_14,
          room_15, room_16, room_17, room_18, room_19, room_20, room_21,
          room_22, room_23, room_24, room_25, room_26, room_27]

Skill      XL: |  1 |
---------------+----+-----
Fighting       | 3 |  3.3
Dodging        | 3 |  3.4
Stealth        | 3 |  3.0
Unarmed Combat | 4 |  4.0
Shapeshifting  | 3 |  3.6

Action                     || total
---------------------------++-------
  Melee: Unarmed           ||     6
    Use: Potion            ||     2
 Armour: Plate armour      ||     3
  Dodge: Dodged            ||     4

Table legend: (Time is in decaauts)
 A = Elapsed time spent in this place.
 B = Non-inter-level travel time spent in this place.
 C = Inter-level travel time spent in this place.
 D = Time resting spent in this place.
 E = Time spent auto-exploring this place.
 F = Levels seen in this place.
 G = Mean time per level.
                   A        B        C        D        E       F      G
               +--------+--------+--------+--------+--------+-----+--------+
         Total |    115 |    115 |      0 |      0 |      0 |   1 |  115.0 |
       Dungeon |    115 |    115 |      0 |      0 |      0 |   1 |  115.0 |
               +--------+--------+--------+--------+--------+-----+--------+

Top non-repeatable levels by time:
       D: 115 daAuts
